Unix NetHack Version 5.0.0-0 post-release - last build May  4 2026 22:22:43 (774f63e81ad911689b3a0859ea89b322d5daca8d,branch:main).

Game began 2026-05-06 07:36:30, ended 2026-05-06 07:55:42.

24620901111, chaotic male orcish Barbarian

              ---          ---
               .|         -...
            ---.|   ---  -..
            |>^.--  -.---..-
          ---....|  ..)....|     ...
         --......| --......--- ...-
         |<..%...---.............-
         |.........).@%..^...`-
         --.--..|*.%.)h..---
          --------.|.--..|
                 ---------
24620901111 the Pillager   St:18 Dx:16 Co:18 In:7 Wi:8 Ch:8  Chaotic
Dlvl:4  $:46 HP:0(46) Pw:11(11) AC:8  Xp:4 T:1347 

Latest messages:
 The gnome lord drinks a cloudy potion!
 The gnome lord is suddenly moving faster.
 The gnome throws a dagger!
 You are hit by a dagger.
 The gnome lord shoots 2 arrows!
 The gnome lord misfires!
 The 1st arrow misses.
 The gnome lord misfires!
 You kill the gnome!
 You see here a dart.
 The dwarf throws a dwarvish spear!
 The dwarvish spear hits the dwarf.
 The dwarf hits!
 You smite the gnome lord!
 The gnome lord swings his bow.
 The gnome lord hits!
 You miss the gnome lord.
 The gnome lord swings his bow.
 The gnome lord hits!
 The gnome is almost hit by a dart!
 The gnome picks up a dart.
 You smite the gnome!
 The gnome lord swings his bow.
 The gnome lord hits!
 Click!  The dwarf triggers something.
 The boulder hits the dwarf!
 The gnome hits!
 You kill the gnome lord!
 The dwarf picks up a pair of iron shoes.
 The gnome hits!
 You kill the gnome!
 The dwarf picks up a stout spear.
 Really step onto that dart trap? [yn] (n) y
 There is a dart trap here.
 You see here a dart.
 A little dart shoots out at you!
 You are hit by a little dart.
 The dwarf picks up a dagger.
 The dwarf thrusts his dwarvish short sword.
 The dwarf hits!
 The dwarf wields a dwarvish short sword!
 You kill the dwarf!
 The dwarf thrusts his dwarvish short sword.
 The dwarf hits!
 You die...
 Do you want your possessions identified? [ynq] (y) y
 Do you want to see your attributes? [ynq] (y) y
 Do you want an account of creatures vanquished? [ynaq] (y) y
 Do you want to see your conduct and achievements? [ynq] (y) y
 Do you want to see the dungeon overview? [ynq] (y) y

Inventory:
 Coins    ('$')
  $ - 46 gold pieces
 Weapons  (')')
  b - a +0 axe (alternate weapon; not wielded)
  a - a +0 two-handed sword (weapon in hands)
 Armor    ('[')
  c - an uncursed +0 orcish ring mail (being worn)
 Comestibles  ('%')
  e - an uncursed apple
  g - 2 uncursed cram rations
  j - 2 uncursed lembas wafers
  f - an uncursed pancake
  k - an uncursed egg
  i - 2 uncursed lichen corpses

24620901111 the Barbarian's attributes:

Background:
 You were a Pillager, a level 4 male orcish Barbarian.
 You were chaotic, nominally on a mission for Set
 who was opposed by Mitra (lawful) and Crom (neutral).
 You were right-handed.
 You were in the Gnomish Mines, on level 4.
 You entered the dungeon 1347 turns ago.
 You had 131 experience points, 29 more were needed to attain level 5.

Basics:
 You had 0 out of 46 hit points.
 You had all 11 energy points (spell power).
 Your armor class was 8.
 Your wallet contained 46 zorkmids.
 Autopickup was off.

Final Characteristics:
 Your strength was 18 (limit:18/50).
 Your dexterity was 16 (limit:18).
 Your constitution was 18 (limit:18).
 Your intelligence was 7 (limit:16).
 Your wisdom was 8 (limit:16).
 Your charisma was 8 (limit:16).

Final Status:
 You weren't hungry.
 You were unencumbered.
 You were wielding a two-handed sword.
 You had basic skill with two-handed sword.

Final Attributes:
 You were devoutly aligned.
 You were poison resistant.
 You had infravision.
 You were warded.
 You are dead.

Miscellaneous:
 You didn't encounter any bones levels.
 Total elapsed playing time was 19 minutes and 10 seconds.

Major events:
 Turn
    1: 24620901111 the chaotic male orcish Barbarian entered the dungeon
 1019: attained the rank of Pillager (level 3)
 1312: entered the Gnomish Mines
 1347: killed by a dwarf

You didn't know any spells.

Skills:
 Fighting Skills
   bare handed combat [Basic]
   two weapon combat  [Unskilled]
   riding             [Unskilled]
 Weapon Skills
   dagger             [Unskilled]
   axe                [Basic]
   pick-axe           [Unskilled]
   short sword        [Unskilled]
   broadsword         [Unskilled]
   long sword         [Unskilled]
   two-handed sword   [Basic]
   saber              [Unskilled]
   club               [Unskilled]
   mace               [Unskilled]
   morning star       [Unskilled]
   flail              [Unskilled]
   hammer             [Unskilled]
   quarterstaff       [Unskilled]
   spear              [Unskilled]
   trident            [Unskilled]
   bow                [Unskilled]
 Spellcasting Skills
   attack spells      [Unskilled]
   escape spells      [Unskilled]

Voluntary challenges:
 Character rerolling was not enabled.
 You followed a strict vegan diet.
 You were an atheist.
 You were illiterate.
 You never genocided any monsters.
 You never polymorphed an object.
 You never changed form.
 You used no wishes.
Achievements:
 You attained the rank of Pillager.
 You entered the Gnomish Mines.

 The Dungeons of Doom: levels 1 to 3
    Level 1:
       A fountain.
    Level 2:
       A fountain.
    Level 3:
       Stairs down to The Gnomish Mines.
 The Gnomish Mines:
    Level 4: <- You were here.
       Final resting place for
          you, killed by a dwarf.


Vanquished creatures:
  a gnome leader
  2 dwarves
 an acid blob
  a gas spore
  a hobgoblin
  a giant rat
  a brown mold
  2 yellow molds
  8 gnomes
  3 jackals
  a kobold
  2 goblins
  3 sewer rats
  4 grid bugs
  2 lichens
  a kobold zombie
  3 newts
37 creatures vanquished.

No species were genocided or became extinct.

Game over:
                       ----------
                      /          \
                     /    REST    \
                    /      IN      \
                   /     PEACE      \
                  /                  \
                  |   24620901111    |
                  |      46 Au       |
                  |   killed by a    |
                  |      dwarf       |
                  |                  |
                  |                  |
                  |       2026       |
                 *|     *  *  *      | *
        _________)/\\_//(\/(/\)/\//\/|_)_______

Goodbye 24620901111 the Barbarian...

You died in The Gnomish Mines on dungeon level 4 with 716 points,
and 46 pieces of gold, after 1347 moves.
You were level 4 with a maximum of 46 hit points when you died.

